 Dungeon Crawl Stone Soup version 0.28-a0-1235-g7c8fac35f0 (webtiles) character file.

Game seed: 9307662715210642412

510 Gargoyl the Skirmisher (level 7, -1/90 HPs)
             Began as a Gnoll Abyssal Knight on Dec 25, 2021.
             Was a Believer of Lugonu.
             Slain by Blork the orc (3 damage)
             ... on level 5 of the Dungeon.
             The game lasted 00:04:52 (5205 turns).

Gargoyl the Skirmisher (Gnoll Abyssal Knight)       Turns: 5205, Time: 00:04:53

Health: -1/90      AC: 23    Str: 13 (14) XL:     7   Next: 19%
Magic:  10/10      EV:  2    Int:  8 (10) God:    Lugonu [**....]
Gold:   164        SH:  4    Dex: 10 (12) Spells: 10/10 levels left

rFire   . . .      SeeInvis +   j - +1 war axe
rCold   . . .      Faith    .   e - +0 buckler
rNeg    . . .      Spirit   .   (armour currently unavailable)
rPois   +          Reflect  .   (helmet currently unavailable)
rElec   .          Harm     .   (cloak currently unavailable)
rCorr   .          Rampage  .   (gloves currently unavailable)
Will    +....      NoTele   +   (boots currently unavailable)
Stlth   ++........              (no amulet)
HPRegen 0.25/turn               c - ring of see invisible
MPRegen 0.12/turn               d - ring of willpower

@: brilliant, tree-form
A: stationary, stasis, torment immunity, boosted hp, (fangs 1), strong nose,
distributed training
a: Renounce Religion, Depart the Abyss, Bend Space


You were on level 5 of the Dungeon.
You worshipped Lugonu.
Lugonu was pleased with you.
You were a tree.
You visited 1 branch of the dungeon, and saw 5 of its levels.
You visited the Abyss 1 time.

You collected 164 gold pieces.

Inventory:

Hand Weapons
 a - a +2 hand axe
 j - a +1 war axe (weapon)
Missiles
 n - 14 poisoned darts (quivered)
Armour
 e - a +0 buckler (worn)
 g - a +0 cloak (melded)
 i - a +0 plate armour (melded)
 p - a +1 hat (melded)
Jewellery
 c - a ring of see invisible (left branch)
 d - a ring of willpower (right branch)
Wands
 k - a wand of polymorph (5)
Scrolls
 b - 2 scrolls of identify
 f - a scroll of blinking
 m - a scroll of teleportation
Potions
 h - a potion of resistance


   Skills:
 + Level 7.0 Fighting
 + Level 2.3 Short Blades
 + Level 2.3 Long Blades
 + Level 5.1 Axes
 + Level 2.3 Maces & Flails
 + Level 2.3 Polearms
 + Level 2.3 Staves
 + Level 2.3 Slings
 + Level 2.3 Bows
 + Level 2.3 Crossbows
 + Level 2.3 Throwing
 + Level 5.1 Armour
 + Level 3.5 Dodging
 + Level 2.3 Stealth
 + Level 2.3 Shields
 + Level 2.3 Unarmed Combat
 + Level 2.3 Spellcasting
 + Level 1.9 Conjurations
 + Level 1.9 Hexes
 + Level 1.9 Summonings
 + Level 1.9 Necromancy
 + Level 1.9 Translocations
 + Level 1.9 Transmutations
 + Level 1.9 Fire Magic
 + Level 1.9 Ice Magic
 + Level 1.9 Air Magic
 + Level 1.9 Earth Magic
 + Level 1.9 Poison Magic
 + Level 5.3 Invocations
 + Level 2.3 Evocations


You had 10 spell levels left.
You didn't know any spells.
Your spell library was empty.

Dungeon Overview and Level Annotations

Branches:
Dungeon (5/15)             Temple (0/1) D:4

Altars:
Cheibriados
Dithmenos
Gozag
Qazlal
Uskayaw
Wu Jian

Shops:
D:3 *

Annotations:
D:5 Blork the orc


Innate Abilities, Weirdness & Mutations

You are a tree.
Your roots penetrate the ground, keeping you stationary.
You cannot be teleported.
You are immune to unholy pain and torment.
Your maximum health is greatly increased.
Your equipment is partially melded.
((You have very sharp teeth.))
Your uncanny sense of smell can sniff out nearby items.
Your experience applies equally to all skills.


Message History

Blork the orc casts a spell at you. The puff of flame hits you.
* * * LOW HITPOINT WARNING * * *
The iguana barely misses you.
The iguana hisses menacingly.
You barely miss the iguana. You bite the iguana, but do no damage.
The iguana is lightly wounded.
You hit the iguana but do no damage. The iguana bites you.
* * * LOW HITPOINT WARNING * * *
The iguana bites you but does no damage.
Unknown command.
Really quaff the potion of lignification?
You turn into a tree.
Your +0 cloak melds into your body.
Your +1 hat melds into your body.
Your +0 plate armour melds into your body.
Your roots penetrate the ground.
The iguana bites you but does no damage.
The iguana bites you.
* * * LOW HITPOINT WARNING * * *
It was a potion of brilliance.
You feel clever all of a sudden.
Blork the orc hits you but does no damage.
The iguana bites you!
* * * LOW HITPOINT WARNING * * *
The iguana bites you but does no damage.
Unknown command.
You closely miss the iguana.
The iguana is lightly wounded.
You closely miss Blork the orc. You slash the iguana!
Blork the orc hits you with a +0 short sword.
* * * LOW HITPOINT WARNING * * *
The iguana bites you but does no damage. x2
Unknown command.
You slash the iguana!
The iguana is heavily wounded.
You slash Blork the orc! You hit the iguana. Blork the orc barely misses you.
The iguana bites you but does no damage.
You block the iguana's attack. The iguana completely misses you.
Blork the orc hits you with a +0 short sword.
You die...

∆ ∆ #+##
#...##
##.....##
##l......#
#♣l.......
+.o.......
#.........
##.......#
##.....##
#...##
#+##


You could see Blork the orc and 2 iguanas.

Vanquished Creatures
  An ogre (D:4)
  A phantom (D:4)
  A scorpion (D:4)
  2 orc priests (D:4)
  2 bullfrog skeletons (D:4)
  An orc wizard (D:4)
  A killer bee zombie (D:4)
  5 adders
  An adder skeleton (D:4)
  A worm (D:2)
  4 dart slugs
  9 orcs
  5 bats
  5 endoplasms
  3 giant cockroaches
  7 goblins
  4 hobgoblins
  4 jackals (D:4)
  5 kobolds
  2 quokkas
  7 ball pythons
  3 frilled lizards
  2 rats
76 creatures vanquished.

Notes
Turn   | Place    | Note
-------+----------+-------------------------------------------
     0 | Abyss:1  | Gargoyl the Gnoll Abyssal Knight began the quest for the
                  | Orb.
     0 | Abyss:1  | Reached XP level 1. HP: 23/23 MP: 3/3
    53 | Abyss:1  | Found a corrupted altar of Lugonu.
   187 | Abyss:1  | Noticed a small abomination
   187 | Abyss:1  | Noticed a raiju
   191 | D:1      | Escaped the Abyss
   508 | D:1      | Reached XP level 2. HP: 24/29 MP: 5/5
   517 | D:1      | Reached * piety under Lugonu
  1327 | D:2      | Reached XP level 3. HP: 34/35 MP: 6/6
  1497 | D:2      | Found a faded altar of an unknown god.
  1743 | D:2      | Reached skill level 1 in Short Blades
  1743 | D:2      | Reached skill level 1 in Long Blades
  1743 | D:2      | Reached skill level 1 in Maces & Flails
  1743 | D:2      | Reached skill level 1 in Polearms
  1743 | D:2      | Reached skill level 1 in Staves
  1743 | D:2      | Reached skill level 1 in Slings
  1743 | D:2      | Reached skill level 1 in Bows
  1743 | D:2      | Reached skill level 1 in Crossbows
  1743 | D:2      | Reached skill level 1 in Throwing
  1743 | D:2      | Reached skill level 1 in Stealth
  1743 | D:2      | Reached skill level 1 in Shields
  1743 | D:2      | Reached skill level 1 in Unarmed Combat
  1743 | D:2      | Reached skill level 1 in Spellcasting
  1743 | D:2      | Reached skill level 1 in Evocations
  1746 | D:2      | Reached XP level 4. HP: 26/41 MP: 7/7
  2142 | D:3      | Noticed a +0 dagger
  2144 | D:3      | Noticed a +0 short sword
  2371 | D:3      | Found an opulent altar of Gozag.
  2488 | D:3      | Found a shadowy altar of Dithmenos.
  2501 | D:3      | Found Vawul's Assorted Antiques.
  2600 | D:3      | Noticed a +0 short sword
  2600 | D:3      | Noticed a +0 falchion
  2610 | D:3      | Reached skill level 1 in Conjurations
  2610 | D:3      | Reached skill level 1 in Hexes
  2610 | D:3      | Reached skill level 1 in Summonings
  2610 | D:3      | Reached skill level 1 in Necromancy
  2610 | D:3      | Reached skill level 1 in Translocations
  2610 | D:3      | Reached skill level 1 in Transmutations
  2610 | D:3      | Reached skill level 1 in Fire Magic
  2610 | D:3      | Reached skill level 1 in Ice Magic
  2610 | D:3      | Reached skill level 1 in Air Magic
  2610 | D:3      | Reached skill level 1 in Earth Magic
  2610 | D:3      | Reached skill level 1 in Poison Magic
  2616 | D:3      | Noticed a +0 spear
  2616 | D:3      | Noticed a +0 spear
  2616 | D:3      | Noticed a +0 falchion
  2616 | D:3      | Noticed a +0 dagger
  2665 | D:3      | Reached ** piety under Lugonu
  2856 | D:3      | Found a hide-covered altar of Uskayaw.
  3150 | D:4      | Noticed a scorpion
  3158 | D:4      | Killed a scorpion
  3159 | D:4      | Reached XP level 5. HP: 31/47 MP: 8/8
  3848 | D:4      | Found a staircase to the Ecumenical Temple.
  3881 | D:4      | Noticed an ogre
  3952 | D:4      | Killed an ogre
  3953 | D:4      | Reached skill level 5 in Axes
  3953 | D:4      | Reached skill level 5 in Armour
  3953 | D:4      | Reached skill level 5 in Invocations
  3953 | D:4      | Reached XP level 6. HP: 14/53 MP: 9/9
  4402 | D:4      | HP: 2/53 [orc priest (2)]
  4409 | D:4      | HP: 2/79 [orc priest (2)]
  4415 | D:4      | Reached XP level 7. HP: 2/59 MP: 10/10
  4922 | D:4      | Found a snail-covered altar of Cheibriados.
  4956 | D:4      | Reached skill level 7 in Fighting
  5042 | D:4      | Found a stormy altar of Qazlal.
  5153 | D:4      | Found an ornate altar of the Wu Jian Council.
  5198 | D:5      | Entered Level 5 of the Dungeon
  5198 | D:5      | Noticed Blork the orc
  5203 | D:5      | HP: 3/90 [iguana (9)]
  5205 | D:5      | Slain by Blork the orc

Illustrated notes

Levels and vault maps discovered:
D:1:      scummos_arrival_gate, layout_basic
D:2:      layout_basic, hellmonk_ecumenical_altar_run_dry, chequers_jeans,
          serial_bayou_pond_e, minmay_fractal_squares_gapless_5
D:3:      layout_loops_ring, mainiacjoe_overflow_24_doors,
          nicolae_uskayaw_en_pointe, nicolae_dithmenos_the_darkroom,
          serial_shops, shop, chequers_garden
D:4:      layout_loops_corners, nicolae_wu_jian_wuxing_cycle, marbit_many_paths,
          general_overflow_altar, minmay_temple_entry_grid
D:5:      layout_loops_corners, mainiacjoe_overflow_cross_hatched,
          elyvilon_altar_3, kennysheep_doodads, kennysheep_generic_room_12,
          uniq_grinder, uniq_blork_the_orc

Skill      XL: |  1  2  3  4  5  6  7 |
---------------+----------------------+-----
Short Blades   | 1 2 |  2.3
Long Blades    | 1 2 |  2.3
Maces & Flails | 1 2 |  2.3
Polearms       | 1 2 |  2.3
Staves         | 1 2 |  2.3
Slings         | 1 2 |  2.3
Bows           | 1 2 |  2.3
Crossbows      | 1 2 |  2.3
Throwing       | 1 2 |  2.3
Stealth        | 1 2 |  2.3
Shields        | 1 2 |  2.3
Unarmed Combat | 1 2 |  2.3
Spellcasting   | 1 2 |  2.3
Evocations     | 1 2 |  2.3
Conjurations   | 1 |  1.9
Hexes          | 1 |  1.9
Summonings     | 1 |  1.9
Necromancy     | 1 |  1.9
Translocations | 1 |  1.9
Transmutations | 1 |  1.9
Fire Magic     | 1 |  1.9
Ice Magic      | 1 |  1.9
Air Magic      | 1 |  1.9
Earth Magic    | 1 |  1.9
Poison Magic   | 1 |  1.9
Dodging        | 3 |  3.5
Axes           | 5 |  5.1
Armour         | 5 |  5.1
Invocations    | 5 |  5.3
Fighting       | 7 |  7.0

Action                   |  1- 3 |  4- 6 |  7- 9 || total
-------------------------+-------+-------+-------++-------
Melee: Hand axe          |    66 |    48 |       ||   114
       Bite              |     8 |    10 |     4 ||    22
       Punch             |     1 |       |       ||     1
       War axe           |       |    91 |    34 ||   125
Throw: Dart              |       |     4 |       ||     4
Invok: Depart the Abyss  |     1 |       |       ||     1
  Use: Scroll            |     1 |     7 |       ||     8
       Potion            |       |     4 |     2 ||     6
Armor: Leather armour    |     3 |       |       ||     3
       Ring mail         |     4 |       |       ||     4
       Plate armour      |    24 |   130 |    21 ||   175
       Skin              |       |     7 |     6 ||    13
Dodge: Dodged            |    18 |    37 |     8 ||    63
Block: Buckler           |       |    22 |     7 ||    29

Table legend: (Time is in decaauts)
 A = Elapsed time spent in this place.
 B = Non-inter-level travel time spent in this place.
 C = Inter-level travel time spent in this place.
 D = Time resting spent in this place.
 E = Time spent auto-exploring this place.
 F = Levels seen in this place.
 G = Mean time per level.
                   A        B        C        D        E       F      G
               +--------+--------+--------+--------+--------+-----+--------+
         Total |   5246 |   5105 |    141 |    564 |   3719 |   6 |  874.3 |
       Dungeon |   5055 |   4914 |    141 |    564 |   3537 |   5 | 1011.0 |
         Abyss |    191 |    191 |      0 |      0 |    182 |   1 |  191.0 |
               +--------+--------+--------+--------+--------+-----+--------+

Top non-repeatable levels by time:
     D:4: 2137 daAuts
     D:1: 1130 daAuts
     D:3: 954 daAuts
     D:2: 825 daAuts
 Abyss:1: 191 daAuts
     D:5: 7 daAuts
